 Dungeon Crawl Stone Soup version 0.18.1-8-gdd0e5ea (webtiles) character file.

86 sugabear the Ducker (level 4, -9/23 HPs)
             Began as a Vine Stalker Gladiator on May 26, 2016.
             Mangled by beastlywrath's ghost (12 damage)
             ... on level 3 of the Dungeon.
             The game lasted 00:02:05 (1861 turns).

sugabear the Ducker (Vine Stalker Gladiator)        Turns: 1861, Time: 00:02:05

Health: -9/23      AC:  6    Str: 18    XL:     4   Next: 49%
Magic:  0/5        EV:  7    Int:  8    God:
Gold:   120        SH:  0    Dex: 15    Spells: 0 memorised, 3 levels left

rFire  . . .     SeeInvis .     a - +0 flail
rCold  . . .     Gourm    .     p - +0 ring mail (curse)
rNeg   . . .     Faith    .     (no shield)
rPois  .         Spirit   +     c - +0 helmet
rElec  .         Dismiss  .     (no cloak)
rCorr  .         Reflect  .     (no gloves)
SustAt .         Harm     .     (no boots)
MR     .....                    (no amulet)
Stlth  +.........               (no ring)
                                (no ring)

@: not resistant to hostile enchantments, very unstealthy
A: fangs 2, regeneration 1, magic shield, antimagic bite, no device heal 3, rot
immunity
a: no special abilities


You were on level 3 of the Dungeon.
You were very hungry.

You visited 1 branch of the dungeon, and saw 3 of its levels.

You collected 120 gold pieces.

Inventory:

Hand Weapons
 a - a +0 flail (weapon)
Missiles
 d - 3 throwing nets (quivered)
Armour
 b - a +0 leather armour
 c - a +0 helmet (worn)
 p - a cursed +0 ring mail (worn)
 r - a cursed -1 robe
Jewellery
 n - a cursed ring of see invisible {unknown}
Scrolls
 e - a scroll of noise {unknown}
 g - a scroll of enchant weapon {unknown}
 h - 3 scrolls of identify {unknown}
 i - a scroll of fog {unknown}
 k - 2 scrolls of remove curse {unknown}
 l - a scroll of random uselessness {unknown}
 m - a scroll of blinking {unknown}
 o - a scroll of magic mapping {unknown}
 s - a scroll of fear {unknown}
Potions
 j - 2 potions of curing {unknown}
Comestibles
 f - 4 bread rations
 q - a meat ration


   Skills:
 + Level 2.1 Fighting
 + Level 3.1 Maces & Flails
 + Level 2.1 Throwing
 + Level 1.0 Armour
 + Level 3.3 Dodging


You had 3 spell levels left.
You didn't know any spells.

Dungeon Overview and Level Annotations

Branches:
Dungeon (3/15)

Altars:
Dithmenos

Annotations:
D:3 Robin; beastlywrath's ghost, amateur TrBe


Innate Abilities, Weirdness & Mutations

You have extremely sharp teeth.
Your natural rate of healing is unusually fast.
When hurt, damage is shared between your health and your magic reserves.
Your bite disrupts and absorbs the magic of your enemies.
Potions and wands cannot restore your health.
You are immune to rotting.


Message History

You sock beastlywrath's ghost! Your bite misses beastlywrath's ghost.
Beastlywrath's ghost is lightly damaged.
Beastlywrath's ghost barely misses you.
You hit beastlywrath's ghost. You bite beastlywrath's ghost.
You drain its power.
Beastlywrath's ghost is moderately damaged.
Beastlywrath's ghost closely misses you.
You hit beastlywrath's ghost. You bite beastlywrath's ghost.
You drain its power.
Beastlywrath's ghost is heavily damaged.
Beastlywrath's ghost hits you! Beastlywrath's ghost hits you.
You hit beastlywrath's ghost.
Beastlywrath's ghost is heavily damaged.
Beastlywrath's ghost hits you!
* * * LOW HITPOINT WARNING * * *
You are too injured to fight recklessly!
Unknown command.
Beastlywrath's ghost hits you!
Ouch! That really hurt!
You die...

.### ... ..
#.# ..
#.#####
#W....#
#@...#
#.)..#
#[)..#
#....)#
#.....#
|..$....
....#....#
####.#......
#.##....#


You could see beastlywrath's ghost.

Vanquished Creatures
  A gnoll (D:1)
  An adder (D:2)
  An ooze (D:2)
  A worm (D:2)
  A dart slug (D:2)
  3 giant geckos
  2 orcs (D:3)
  2 giant cockroaches (D:2)
  6 goblins
  6 hobgoblins
  3 jackals (D:1)
  2 kobolds
  A ball python (D:2)
  12 bats
  4 giant newts (D:1)
  6 rats
52 creatures vanquished.

Notes
Turn   | Place    | Note
--------------------------------------------------------------
     0 | D:1      | sugabear the Vine Stalker Gladiator began the quest for the Orb.
     0 | D:1      | Reached XP level 1. HP: 11/11 MP: 2/2
   144 | D:1      | Reached XP level 2. HP: 12/15 MP: 1/3
   366 | D:1      | Reached XP level 3. HP: 18/18 MP: 4/4
  1190 | D:2      | Reached XP level 4. HP: 23/23 MP: 5/5
  1739 | D:3      | Found a shadowy altar of Dithmenos.
  1739 | D:3      | Noticed Robin
  1808 | D:3      | Noticed beastlywrath's ghost (amateur TrBe)
  1811 | D:3      | Reached skill level 1 in Armour
  1861 | D:3      | Mangled by beastlywrath's ghost

Skill      XL: |  1  2  3  4 |
---------------+-------------+-----
Throwing       | 2 |  2.1
Fighting       | 2 |  2.1
Dodging        | 3 |  3.3
Maces & Flails | 3 |  3.1
Armour         | 1 |  1.0

Action                   |  1- 3 |  4- 6 || total
-------------------------+-------+-------++-------
Melee: Flail             |    84 |    67 ||   151
       Bite              |    19 |    17 ||    36
  Eat: Chunk             |     1 |     1 ||     2
Armor: Leather armour    |    31 |    13 ||    44
       Ring mail         |       |    20 ||    20
Dodge: Dodged            |    67 |    53 ||   120
